Unix NetHack Version 3.7.0-62 Work-in-progress - last build Sep 11 2022 22:50:51 (50a4e0875b74f16bdbec0d79e29a59bb940978ed,branch:master). Game began 2022-09-12 13:32:15, ended 2022-09-13 15:47:40. adinthrae, lawful female human Valkyrie ---- ----------- --.>-------- |.........| |.0........| |.........| |..-----.-.| |=........| |.0|...|00.| |u@..<....| |.........-| |.........| |.......|..| |.........| |.----..--.| |.........| |........|.-- |.........| |.---.-.%.[.------------%| |...|...-...............%| |!........---------------- -----..|..| ------- Adinthrae the Fighter St:14 Dx:16 Co:18 In:10 Wi:11 Ch:7 Lawful S:11453 Dlvl:8 $:1837 HP:0(63) Pw:16(16) AC:-4 Xp:7/640 T:6781 Hungry Latest messages: You hit the wraith. The wraith touches you! Farvel level 6. You hit the wraith. The wraith misses! You destroy the wraith! Welcome back to experience level 6. You see here a wraith corpse. There is a wraith corpse here; eat it? [ynq] (n) This wraith corpse is fatty. You feel more experienced. Welcome back to experience level 7. You feel quick! What do you want to eat? [deT or ?*] This carrot is delicious! A mysterious force prevents the black unicorn from teleporting! The black unicorn misses! The black unicorn kicks! The black unicorn misses! The black unicorn misses! You hit the black unicorn! The black unicorn butts! The black unicorn misses! You hit the black unicorn. The black unicorn misses! The black unicorn misses! You hit the black unicorn. The black unicorn butts! The black unicorn kicks! You miss the black unicorn. The black unicorn butts! The black unicorn misses! The black unicorn misses! The black unicorn kicks! The black unicorn butts! The black unicorn kicks! You are beginning to feel hungry. You hit the black unicorn. The black unicorn misses! The black unicorn just misses! The black unicorn butts! The black unicorn misses! You miss the black unicorn. The black unicorn misses! The black unicorn kicks! You hit the black unicorn! The black unicorn butts! The black unicorn kicks! You die... Do you want your possessions identified? [ynq] (y) Inventory: Coins $ - 1837 gold pieces Amulets l - an uncursed amulet of ESP (being worn) Weapons v - 4 poisoned +0 darts (at the ready) b - a blessed +0 dagger a - a +1 spear (weapon in hand) Armor n - an uncursed +1 helm of brilliance (being worn) m - a blessed burnt +0 pair of leather gloves (being worn) K - an uncursed +0 pair of low boots (being worn) c - an uncursed +3 small shield (being worn) x - an uncursed +0 elven cloak (being worn) M - an uncursed +0 mummy wrapping H - an uncursed +0 splint mail (being worn) Comestibles e - an uncursed tin of boiled werejackal meat T - an uncursed lizard corpse Scrolls S - an uncursed scroll of amnesia z - a cursed scroll of destroy armor w - a blessed scroll of remove curse f - an uncursed scroll of teleportation Potions F - an uncursed potion of gain ability Rings W - an uncursed ring of shock resistance Wands G - a wand of fire (0:3) g - a wand of lightning (0:4) R - a wand of polymorph (0:6) Tools D - an empty uncursed sack y - a +0 pick-axe (alternate weapon; not wielded) h - an uncursed skeleton key N - an uncursed towel L - a +0 unicorn horn Adinthrae the Valkyrie's attributes: Background: You were a Fighter, a level 7 human Valkyrie. You were lawful, on a mission for Tyr who was opposed by Odin (neutral) and Loki (chaotic). You were in Sokoban, on level 8. You entered the dungeon 6781 turns ago. You had 640 experience points, 640 more were needed to attain level 8. Your score was 11453 before end-of-game adjustments. Basics: You had 0 out of 63 hit points. You had all 16 energy points (spell power). Your armor class was -4. Your wallet contained 1837 zorkmids. Autopickup was off. Final Characteristics: Your strength was 14 (peak:18/01, limit:18/100). Your dexterity was 16 (limit:18). Your constitution was 18 (limit:18). Your intelligence was 10 (base:9, limit:18). Your wisdom was 11 (base:10, limit:18). Your charisma was 7 (limit:18). Final Status: You were hungry. You were unencumbered. You were wielding a spear. You had basic skill with spear and could have enhanced that. Final Attributes: You were piously aligned. You were cold resistant. You were poison resistant. You were telepathic. You were stealthy. You were warded. You were fast. You are dead. Miscellaneous: You never encountered a bones level. Total elapsed playing time was 1 hour, 29 minutes and 50 seconds. Major events: Turn 1: adinthrae the lawful human Valkyrie entered the dungeon 1004: attained the rank of Skirmisher (level 3) 1144: entered the Gnomish Mines 2722: attained the rank of Fighter (level 6) 5370: entered Sokoban 5863: completed 1st Sokoban level 6507: completed 2nd Sokoban level 6781: killed by a black unicorn Vanquished creatures: a giant mimic a small mimic a sasquatch a gelatinous cube a flaming sphere a wraith a quivering blob 3 wolves 3 winter wolf cubs a leprechaun a giant spider a gnome ruler 2 lizards a white unicorn a gray unicorn a gnome mummy 4 apes 3 human zombies a Woodland-elf a soldier ant 3 bugbears a water nymph 19 Mordor orcs 2 rock piercers a rock mole 3 yellow lights a violet fungus a gnome leader 3 gnomish wizards 3 kobold mummies 2 gray oozes a straw golem a paper golem a little dog 2 floating eyes 2 kittens a dwarf a homunculus a kobold leader 6 rothes 2 giant bats 3 monkeys an orc zombie 4 dwarf zombies a wererat an iguana 11 killer bees an acid blob 6 coyotes a large kobold 4 hobgoblins 3 giant rats a cave spider a brown mold a green mold 12 gnomes 4 jackals 3 foxes a kobold 2 goblins 5 grid bugs 4 bats 3 lichens a kobold zombie 8 newts 169 creatures vanquished. No species were genocided or became extinct. Voluntary challenges: You read items or engraved 11 times. You engraved Elbereth 3 times. You never genocided any monsters. You never polymorphed an object. You never changed form. You used no wishes. You did not violate any of the special Sokoban rules. Achievements: You entered a shop. You attained the rank of Skirmisher. You entered the Gnomish Mines. You attained the rank of Fighter. You entered Sokoban. The Dungeons of Doom: levels 1 to 10 Level 1: An altar to Tyr. Level 2: An armor shop. Stairs down to The Gnomish Mines. Level 3: Level 4: A fountain. Level 5: A fountain. Level 6: An altar, a throne, a fountain. Level 7: A general store, a fountain. Level 8: Level 9: Many fountains. Level 10: Stairs up to Sokoban, level 9. The Gnomish Mines: Level 3: Sokoban: levels 9 up to 8 Level 8: <- You were here. Solved. Final resting place for you, killed by a black unicorn. Level 9: Solved. Game over: ---------- / \ / REST \ / IN \ / PEACE \ / \ | adinthrae | | 1837 Au | | killed by a | | black unicorn | | | | | | 2022 | *| * * * | * _________)/\\_//(\/(/\)/\//\/|_)_______ Farvel adinthrae the Valkyrie... You died in Sokoban on dungeon level 8 with 11270 points, and 1837 pieces of gold, after 6781 moves. You were level 7 with a maximum of 63 hit points when you died.